 Dungeon Crawl Stone Soup version 0.23.2 (webtiles) character file.

Game seed: 11730556519065771635

164 Kinoniko the Skirmisher (level 5, -11/46 HPs)
             Began as a Draconian Abyssal Knight on Apr 2, 2019.
             Was an Initiate of Makhleb.
             Mangled by a large abomination (22 damage)
             ... created by the touch of Lugonu
             ... on level 3 of the Dungeon.
             The game lasted 00:11:51 (2027 turns).

Kinoniko the Skirmisher (Draconian Abyssal Knight)  Turns: 2027, Time: 00:11:52

Health: -11/46     AC:  6    Str: 15    XL:     5   Next: 21%
Magic:  6/6        EV:  9    Int: 13    God:    Makhleb [......]
Gold:   189        SH:  7    Dex: 10    Spells: 4/4 levels left

rFire    . . .     SeeInvis +   t - +0 mace (drain)
rCold    . . .     Gourm    .   d - +0 shield
rNeg     . . .     Faith    .   (armour unavailable)
rPois    +         Spirit   .   (helmet restricted)
rElec    .         Reflect  .   (no cloak)
rCorr    .         Harm     .   j - +0 pair of gloves
MR       .....                  (no boots)
Stlth    +.........             g - amulet of regeneration
HPRegen  0.55/turn              o - ring of see invisible
MPRegen  0.10/turn              h - ring of poison resistance

@: drained
A: unfitting armour, cold-blooded, AC +5
a: Renounce Religion


You were on level 3 of the Dungeon.
You worshipped Makhleb.
Makhleb was noncommittal.
You were not hungry.

You visited 1 branch of the dungeon, and saw 3 of its levels.
You visited the Abyss 1 time.

You collected 189 gold pieces.

Inventory:

Hand Weapons
 a - a +1 falchion
 t - a +0 mace of draining (weapon)
Armour
 d - a +0 shield (worn)
 j - a +0 pair of gloves (worn)
 k - a +0 plate armour
Jewellery
 g - an amulet of regeneration (around neck)
 h - a ring of poison resistance (right hand)
 o - a ring of see invisible (left hand)
Scrolls
 f - a scroll of remove curse
 l - a scroll of amnesia
 n - a scroll of fear {unknown}
 p - a scroll of magic mapping
 q - a scroll of immolation {unknown}
 r - a scroll of teleportation
 u - 2 scrolls of fog {unknown}
 w - a scroll of identify
Potions
 c - a potion of invisibility {unknown}
 e - a potion of might {unknown}
 i - 4 potions of curing {unknown}
 m - 2 potions of heal wounds {unknown}
 s - 2 potions of cancellation {unknown}
 v - a potion of ambrosia {unknown}
Comestibles
 b - 4 rations


   Skills:
 + Level 4.1(3.4) Fighting
 + Level 3.8(3.1) Long Blades
 + Level 0.7(0.1) Maces & Flails
 + Level 2.7(2.1) Dodging
 + Level 0.3(0.0) Stealth
 + Level 1.5(0.9) Shields
 + Level 2.1(1.5) Invocations


You had 4 spell levels left.
You didn't know any spells.
Your spell library was empty.

Dungeon Overview and Level Annotations

Branches:
Dungeon (3/15)

Altars:
Makhleb
Ru
The Shining One


Innate Abilities, Weirdness & Mutations

Your plain brown scales are hard. (AC +5)
You cannot fit into any form of body armour.
You are cold-blooded and may be slowed by cold attacks.


Message History

Lugonu sends minions to punish you.
A large abomination comes into view.
You sock the large abomination!
You tail-slap the large abomination, but do no damage.
The large abomination is lightly damaged.
The large abomination barely misses you.
Your shield prevents you from hitting the large abomination.
The large abomination is lightly damaged.
The large abomination hits you!!
You hit the large abomination.
The large abomination is moderately damaged.
The large abomination hits you!
* * * LOW HITPOINT WARNING * * *
You hit the large abomination but do no damage.
The large abomination is moderately damaged.
You barely miss the large abomination.
The large abomination is moderately damaged.
The large abomination hits you but does no damage.
The large abomination hits you!!
You die...

#.####### #..#
#.........#
##..#########
#.#######.#
#.........[.. #.#
#.# ##..(..######.
#.#
#.###.............
#.##
#.##......(##.....
#..##
#.##.#............
###...#
#X##......###....(
#.....#
#@###......#......
#....## ###.#
#.............
##....# #...#
#.............
#....## #.###
#..<..........
##....#
#..####......#......
#....##
#.....#.#.....#.....
#....#
#..##.#.##..........
#..###
#.###.#.#.........##
#..##
#####.#.#......##.#


You could see a large abomination.

Vanquished Creatures
  An orc priest (D:3)
  Terence (D:3)
  2 adders
  5 worms
  6 leopard geckos
  5 orcs (D:3)
  9 bats
  A giant cockroach (D:1)
  7 goblins
  5 hobgoblins
  2 jackals (D:3)
  7 kobolds
  2 quokkas
  4 frilled lizards
  9 rats
66 creatures vanquished.

Notes
Turn   | Place    | Note
-------+----------+-------------------------------------------
     0 | Abyss:1  | Kinoniko the Draconian Abyssal Knight began the quest for
                  | the Orb.
     0 | Abyss:1  | Reached XP level 1. HP: 19/19 MP: 2/2
   120 | D:1      | Escaped the Abyss
   208 | D:1      | Reached * piety under Lugonu
   236 | D:1      | Reached XP level 2. HP: 26/26 MP: 3/3
   822 | D:1      | Reached XP level 3. HP: 33/33 MP: 4/4
  1086 | D:2      | Found a sacrificial altar of Ru.
  1223 | D:2      | Reached ** piety under Lugonu
  1371 | D:2      | Reached skill level 1 in Shields
  1515 | D:3      | Reached XP level 4. HP: 33/40 MP: 5/5
  1547 | D:3      | Found a burning altar of Makhleb.
  1556 | D:3      | Fell from the grace of Lugonu
  1556 | D:3      | Became a worshipper of Makhleb the Destroyer
  1565 | D:3      | Noticed Terence
  1573 | D:3      | Killed Terence
  1573 | D:3      | Reached skill level 4 in Fighting
  1715 | D:3      | Reached XP level 5. HP: 33/46 MP: 6/6
  1725 | D:3      | Found a glowing golden altar of the Shining One.
  2022 | D:3      | Noticed a large abomination
  2027 | D:3      | Mangled by a large abomination

Skill      XL: |  1  2  3  4 |
---------------+-------------+-----
Shields        | 1 |  1.5
Long Blades    | 3 |  3.8
Fighting       | 4 |  4.1
Maces & Flails | |  0.7
Dodging        | |  2.7
Stealth        | |  0.3
Invocations    | |  2.1

Action                   |  1- 3 |  4- 6 || total
-------------------------+-------+-------++-------
Melee: Falchion          |   125 |     8 ||   133
       Tailslap          |    12 |     9 ||    21
       Mace              |       |    67 ||    67
Invok: Depart the Abyss  |     1 |       ||     1
  Use: Scroll            |     5 |       ||     5
 Stab: Distracted        |       |     1 ||     1
  Eat: Ration            |     1 |     1 ||     2
Armor: Skin              |    48 |    27 ||    75
Dodge: Dodged            |    46 |    23 ||    69
Block: Shield            |    55 |    29 ||    84
       Rpst.: Falchion   |    17 |     1 ||    18
